TOP OF THE 1ST |
Mercer Island Screaming Eagles batting - Pitching for Lannister United Lionhearts : LHP Rich Lawrence
|
Pitching: LHP Rich Lawrence
|
|
Batting: RHB Ted Cook
|
0-0: Foul Ball, location: 2F 0-1: Foul Ball, location: 2F 0-2: Strikes out swinging
|
Batting: RHB Shawn McCormack
|
0-0: Swinging Strike 0-1: Foul Ball, location: 2F 0-2: Fly out, F9 (Line Drive, 9M)
|
Batting: RHB Jason Ruffin
|
0-0: Foul Ball, location: 2F 0-1: Ground out 6-3 (Groundball, 6)
|
Top of the 1st over - 0 run(s), 0 hit(s), 0 error(s), 0 left on base; Mercer Island 0 - Lannister United 0 |
BOTTOM OF THE 1ST |
Lannister United Lionhearts batting - Pitching for Mercer Island Screaming Eagles : RHP Raúl Pérez
|
Pitching: RHP Raúl Pérez
|
|
Batting: LHB Aurelio Aurillo
|
0-0: Ball 1-0: Ball 2-0: Ball 3-0: Base on Balls
|
Batting: RHB Javier Chávez
|
0-0: Ground out 3-1 (Groundball, 34S) Aurelio Aurillo to second
|
Batting: RHB Curt Johnston
|
0-0: Called Strike 0-1: Ground out 1-3 (Groundball, 15S)
|
Batting: LHB Jorge Garza
|
0-0: Ball 1-0: Foul Ball, location: 2F 1-1: Ball 2-1: Foul Ball, location: 2F 2-2: Ball 3-2: Base on Balls
|
Batting: LHB Kenko Ueda
|
0-0: Foul Ball, location: 2F 0-1: Fly out, F9 (Line Drive, 9M)
|
Bottom of the 1st over - 0 run(s), 0 hit(s), 0 error(s), 2 left on base; Mercer Island 0 - Lannister United 0 |
TOP OF THE 2ND |
Mercer Island Screaming Eagles batting - Pitching for Lannister United Lionhearts : LHP Rich Lawrence
|
Batting: RHB Luis Antonio Hernández
|
0-0: Ball 1-0: Ball 2-0: Called Strike 2-1: Swinging Strike 2-2: Ball 3-2: Foul Ball, location: 2F 3-2: Base on Balls
|
Batting: SHB Andrew Baker
|
0-0: Foul Ball, location: 2F 0-1: Called Strike 0-2: Ball 1-2: Ball 2-2: Fly out, F6 (Popup, 6MS)
|
Batting: LHB Jorge Pérez
|
0-0: Ball 1-0: Fly out, F8 (Flyball, 8RS)
|
Batting: SHB Ray Davis
|
0-0: Swinging Strike 0-1: Ball 1-1: Ball 2-1: Ball 3-1: Fielders Choice at 2nd, 5-4 (Groundball, 56)
|
Top of the 2nd over - 0 run(s), 0 hit(s), 0 error(s), 0 left on base; Mercer Island 0 - Lannister United 0 |
BOTTOM OF THE 2ND |
Lannister United Lionhearts batting - Pitching for Mercer Island Screaming Eagles : RHP Raúl Pérez
|
Batting: LHB Gabriel Córdova
|
0-0: Ground out 6-3 (Groundball, 6)
|
Batting: RHB Brian King
|
0-0: Ball 1-0: Called Strike 1-1: Swinging Strike 1-2: Ball 2-2: Fly out, F8 (Flyball, 8LM)
|
Batting: RHB José Cruz
|
0-0: Foul Ball, location: 2F 0-1: Ball 1-1: Fly out, F4 (Popup, 4MD)
|
Bottom of the 2nd over - 0 run(s), 0 hit(s), 0 error(s), 0 left on base; Mercer Island 0 - Lannister United 0 |
TOP OF THE 3RD |
Mercer Island Screaming Eagles batting - Pitching for Lannister United Lionhearts : LHP Rich Lawrence
|
Batting: RHB Mario Blanco
|
0-0: Swinging Strike 0-1: Ball 1-1: Ball 2-1: Swinging Strike 2-2: Ball 3-2: Foul Ball, location: 2F 3-2: Strikes out looking
|
Batting: RHB Alan Rosales
|
0-0: Ball 1-0: Ball 2-0: Called Strike 2-1: Ball 3-1: Ground out 5-3 (Groundball, 5S)
|
Batting: RHB Ted Cook
|
0-0: Ball 1-0: Ball 2-0: Ball 3-0: Called Strike 3-1: Base on Balls
|
Batting: RHB Shawn McCormack
|
0-0: Foul Ball, location: 2F 0-1: Ball 1-1: Fielders Choice at 2nd, 5-4 (Groundball, 56)
|
Top of the 3rd over - 0 run(s), 0 hit(s), 0 error(s), 0 left on base; Mercer Island 0 - Lannister United 0 |
BOTTOM OF THE 3RD |
Lannister United Lionhearts batting - Pitching for Mercer Island Screaming Eagles : RHP Raúl Pérez
|
Batting: RHB Pedro Herrera
|
0-0: Foul Ball, location: 2F 0-1: Ground out 6-3 (Groundball, 6S)
|
Batting: LHB Aurelio Aurillo
|
0-0: Ball 1-0: Called Strike 1-1: Ball 2-1: Foul Ball, location: 2F 2-2: Ground out 4-3 (Groundball, 4)
|
Batting: RHB Javier Chávez
|
0-0: Called Strike 0-1: Ball 1-1: Ground out U3 (Groundball, 3S)
|
Bottom of the 3rd over - 0 run(s), 0 hit(s), 0 error(s), 0 left on base; Mercer Island 0 - Lannister United 0 |
TOP OF THE 4TH |
Mercer Island Screaming Eagles batting - Pitching for Lannister United Lionhearts : LHP Rich Lawrence
|
Batting: RHB Jason Ruffin
|
0-0: Called Strike 0-1: Ball 1-1: Ball 2-1: Foul Ball, location: 2F 2-2: Foul Ball, location: 2F 2-2: DOUBLE (Line Drive, 89D)
|
Batting: RHB Luis Antonio Hernández
|
0-0: Ball 1-0: Called Strike 1-1: Called Strike 1-2: SINGLE (Line Drive, 78S) Jason Ruffin to third
|
Batting: SHB Andrew Baker
|
0-0: Called Strike 0-1: Ball 1-1: Foul Ball, location: 2F 1-2: DOUBLE (Line Drive, 7LM) Jason Ruffin scores Luis Antonio Hernández to third
|
Batting: LHB Jorge Pérez
|
0-0: DOUBLE (Line Drive, 5D) Luis Antonio Hernández scores Andrew Baker scores
|
Batting: SHB Ray Davis
|
0-0: Called Strike 0-1: Called Strike 0-2: Foul Ball, location: 2F 0-2: Fly out, F5 (Line Drive, 5S) 0-2: Fly out, F5 (Line Drive, 5S)
|
Batting: RHB Mario Blanco
|
0-0: Ball 1-0: Foul Ball, location: 2F 1-1: Fly out, F8 (Line Drive, 8LM)
|
Batting: RHB Alan Rosales
|
0-0: Called Strike 0-1: Foul Ball, location: 2F 0-2: Ball 1-2: Ball 2-2: Strikes out swinging
|
Top of the 4th over - 3 run(s), 4 hit(s), 0 error(s), 1 left on base; Mercer Island 3 - Lannister United 0 |
BOTTOM OF THE 4TH |
Lannister United Lionhearts batting - Pitching for Mercer Island Screaming Eagles : RHP Raúl Pérez
|
Batting: RHB Curt Johnston
|
0-0: Ball 1-0: Ball 2-0: DOUBLE (Groundball, 5L)
|
Batting: LHB Jorge Garza
|
0-0: Ball 1-0: Called Strike 1-1: Ball 2-1: Ball 3-1: Base on Balls
|
Batting: LHB Kenko Ueda
|
0-0: Ball 1-0: Ground out 6-3 (Groundball, 6S) Curt Johnston to third Jorge Garza to second
|
Batting: LHB Gabriel Córdova
|
0-0: 3-RUN HOME RUN (Flyball, 9D), Distance : 375 ft
|
Batting: RHB Brian King
|
0-0: Ball 1-0: Called Strike 1-1: Ball 2-1: Swinging Strike 2-2: Fly out, F7 (Flyball, 7M)
|
Batting: RHB José Cruz
|
0-0: Ball 1-0: Ground out 6-3 (Groundball, 6)
|
Bottom of the 4th over - 3 run(s), 2 hit(s), 0 error(s), 0 left on base; Mercer Island 3 - Lannister United 3 |
TOP OF THE 5TH |
Mercer Island Screaming Eagles batting - Pitching for Lannister United Lionhearts : LHP Rich Lawrence
|
Batting: RHB Ted Cook
|
0-0: Fly out, F4 (Popup, 4M)
|
Batting: RHB Shawn McCormack
|
0-0: Called Strike 0-1: Ball 1-1: Ground out 6-3 (Groundball, 6)
|
Batting: RHB Jason Ruffin
|
0-0: Called Strike 0-1: Ball 1-1: Foul Ball, location: 2F 1-2: Ball 2-2: Fly out, F4 (Popup, 4)
|
Top of the 5th over - 0 run(s), 0 hit(s), 0 error(s), 0 left on base; Mercer Island 3 - Lannister United 3 |
BOTTOM OF THE 5TH |
Lannister United Lionhearts batting - Pitching for Mercer Island Screaming Eagles : RHP Raúl Pérez
|
Batting: RHB Pedro Herrera
|
0-0: Ball 1-0: Ground out 4-3 (Groundball, 4M)
|
Batting: LHB Aurelio Aurillo
|
0-0: Called Strike 0-1: Ball 1-1: Ball 2-1: Ball 3-1: Called Strike 3-2: Base on Balls
|
Batting: RHB Javier Chávez
|
0-0: Called Strike Aurelio Aurillo steals 2nd base 0-1: Ball 1-1: Intentional Walk
|
Batting: RHB Curt Johnston
|
0-0: Ball 1-0: Fly out, F4 (Popup, 4)
|
Batting: LHB Jorge Garza
|
0-0: Foul Ball, location: 2F 0-1: Foul Ball, location: 2F 0-2: Ball 1-2: Strikes out swinging
|
Bottom of the 5th over - 0 run(s), 0 hit(s), 0 error(s), 2 left on base; Mercer Island 3 - Lannister United 3 |
TOP OF THE 6TH |
Mercer Island Screaming Eagles batting - Pitching for Lannister United Lionhearts : LHP Rich Lawrence
|
Batting: RHB Luis Antonio Hernández
|
0-0: Swinging Strike 0-1: Foul Ball, location: 2F 0-2: Ball 1-2: Strikes out swinging
|
Batting: SHB Andrew Baker
|
0-0: Called Strike 0-1: Fly out, F8 (Flyball, 8LS)
|
Batting: LHB Jorge Pérez
|
0-0: Ball 1-0: Swinging Strike 1-1: Called Strike 1-2: Strikes out looking
|
Top of the 6th over - 0 run(s), 0 hit(s), 0 error(s), 0 left on base; Mercer Island 3 - Lannister United 3 |
BOTTOM OF THE 6TH |
Lannister United Lionhearts batting - Pitching for Mercer Island Screaming Eagles : RHP Raúl Pérez
|
Batting: LHB Kenko Ueda
|
0-0: Ball 1-0: Ball 2-0: Called Strike 2-1: Ball 3-1: Base on Balls
|
Pitching: LHP Manuel Martínez
|
|
Batting: LHB Gabriel Córdova
|
0-0: Called Strike 0-1: Fly out, F8 (Flyball, 78S)
|
Batting: RHB Brian King
|
0-0: Ball 1-0: Foul Ball, location: 2F 1-1: Fly out, F3 (Line Drive, 34) 1-1: Lined into DP, U3 (Line Drive, 34)
|
Bottom of the 6th over - 0 run(s), 0 hit(s), 0 error(s), 0 left on base; Mercer Island 3 - Lannister United 3 |
TOP OF THE 7TH |
Mercer Island Screaming Eagles batting - Pitching for Lannister United Lionhearts : LHP Rich Lawrence
|
Pitching: RHP Ryan Bentley
|
|
Batting: SHB Ray Davis
|
0-0: Ball 1-0: Fly out, F2 (Popup, 2RF)
|
Pinch Hitting: RHB Paul Campbell
|
0-0: Ball 1-0: Ball 2-0: Called Strike 2-1: Foul Ball, location: 2F 2-2: Strikes out swinging
|
Pinch Hitting: LHB Nelson Plasenia
|
0-0: SINGLE (Line Drive, 3D)
|
Pinch Hitting: LHB Gregg Young
|
0-0: Ball 1-0: Ball 2-0: Foul Ball, location: 2F 2-1: Ball 3-1: SINGLE (Groundball, 4MD) Nelson Plasenia to second Runner from 2nd tries for 3rd, SAFE, throw made to third
|
Pinch Hitting: SHB Miguel Pérez
|
0-0: Ball 1-0: Foul Ball, location: 2F 1-1: Ball 2-1: Foul Ball, location: 2F 2-2: Ball 3-2: Strikes out swinging
|
Top of the 7th over - 0 run(s), 2 hit(s), 0 error(s), 2 left on base; Mercer Island 3 - Lannister United 3 |
BOTTOM OF THE 7TH |
Lannister United Lionhearts batting - Pitching for Mercer Island Screaming Eagles : LHP Manuel Martínez
|
Now at 3B: Nelson Plasenia
|
|
Now at SS: Miguel Pérez
|
|
Now in CF: Paul Campbell
|
|
Now in RF: Mike Kelly
|
|
Batting: RHB José Cruz
|
0-0: Foul Ball, location: 2F 0-1: Foul Ball, location: 2F 0-2: DOUBLE (Groundball, 5L)
|
Batting: RHB Pedro Herrera
|
0-0: Intentional Walk
|
Batting: LHB Aurelio Aurillo
|
0-0: Bunted foul 0-1: Sac Bunt - play at first, batter OUT! 3-4 José Cruz to third Pedro Herrera to second
|
Batting: RHB Javier Chávez
|
0-0: Intentional Walk
|
Pinch Hitting: RHB Spencer Curry
|
0-0: Fly out, F8 (Flyball, 8LXD) Runner from 3rd tags up, SCORES, no throw
|
Batting: LHB Jorge Garza
|
0-0: Called Strike 0-1: Swinging Strike 0-2: Ball 1-2: Foul Ball, location: 2F 1-2: Ball 2-2: Ball 3-2: Foul Ball, location: 2F 3-2: Foul Ball, location: 2F 3-2: Base on Balls Pedro Herrera to third Javier Chávez to second
|
Pinch Hitting: RHB Thomas Dunlap
|
0-0: Ball 1-0: Foul Ball, location: 2F 1-1: Ground out 6-3 (Groundball, 6MS)
|
Bottom of the 7th over - 1 run(s), 1 hit(s), 0 error(s), 3 left on base; Mercer Island 3 - Lannister United 4 |
TOP OF THE 8TH |
Mercer Island Screaming Eagles batting - Pitching for Lannister United Lionhearts : RHP Ryan Bentley
|
Pitching: RHP Félix Torres
|
|
Now at SS: Joe Runyon
|
|
Now in CF: Thomas Dunlap
|
|
Batting: RHB Jason Ruffin
|
0-0: Ball 1-0: Called Strike 1-1: Foul Ball, location: 2F 1-2: Ground out 5-3 (Groundball, 56S)
|
Batting: RHB Luis Antonio Hernández
|
0-0: Swinging Strike 0-1: Fly out, F7 (Line Drive, 7S)
|
Batting: SHB Andrew Baker
|
0-0: Ball 1-0: Fly out, F3 (Line Drive, 3)
|
Top of the 8th over - 0 run(s), 0 hit(s), 0 error(s), 0 left on base; Mercer Island 3 - Lannister United 4 |
BOTTOM OF THE 8TH |
Lannister United Lionhearts batting - Pitching for Mercer Island Screaming Eagles : LHP Manuel Martínez
|
Batting: LHB Gabriel Córdova
|
0-0: Ground out 4-3 (Groundball, 4)
|
Batting: RHB Brian King
|
0-0: Ball 1-0: Ball 2-0: Called Strike 2-1: Reached on Error, E8 (Flyball, 8RM)
|
Batting: RHB José Cruz
|
0-0: SINGLE (Line Drive, 7S) Brian King to second
|
Batting: RHB Pedro Herrera
|
0-0: Fielders Choice at 2nd, 3-6 (Groundball, 3) Brian King to third
|
Pinch Hitting: RHB Carlos Pacheco
|
0-0: Called Strike 0-1: Ball 1-1: Ball 2-1: Called Strike 2-2: Strikes out swinging
|
Bottom of the 8th over - 0 run(s), 1 hit(s), 1 error(s), 2 left on base; Mercer Island 3 - Lannister United 4 |
TOP OF THE 9TH |
Mercer Island Screaming Eagles batting - Pitching for Lannister United Lionhearts : RHP Félix Torres
|
Pitching: LHP Greg Kelly
|
|
Now at 1B: Cale Beazley
|
|
Pinch Hitting: RHB P.J. O'Keefe
|
0-0: Ball 1-0: Called Strike 1-1: Foul Ball, location: 2F 1-2: Ball 2-2: SINGLE (Groundball, 56D)
|
Batting: SHB Ray Davis
|
0-0: Bunt missed! 0-1: Bunted foul 0-2: Foul Ball, location: 2F 0-2: Foul Ball, location: 2F 0-2: Grounds into double play, 5-4-3 (Groundball, 56)
|
Batting: RHB Paul Campbell
|
0-0: Ball 1-0: Ball 2-0: SINGLE (Line Drive, 6MD)
|
Batting: LHB Nelson Plasenia
|
0-0: Called Strike 0-1: Ball 1-1: Ground out 4-3 (Groundball, 4)
|
Top of the 9th over - 0 run(s), 2 hit(s), 0 error(s), 1 left on base; Mercer Island 3 - Lannister United 4 |
|